 Dungeon Crawl Stone Soup version 0.21.1-1-g345015f (webtiles) character file.

8936 grindst0ne the Fighter (level 11, -5/96 HPs)
             Began as a Demonspawn Chaos Knight on Feb 23, 2018.
             Was a Priest of Ashenzari.
             Slain by a black mamba (13 damage)
             ... on level 1 of the Lair of Beasts on Feb 24, 2018.
             The game lasted 00:25:29 (9468 turns).

grindst0ne the Fighter (Demonspawn Chaos Knight)    Turns: 9468, Time: 00:25:30

Health: -5/96      AC:  5    Str: 14    XL:     11   Next: 16%
Magic:  0/13       EV: 12    Int: 18    God:    Ashenzari [***...]
Gold:   853        SH:  0    Dex: 20    Spells: 10/10 levels left

rFire    . . .     SeeInvis +   l - +9 scimitar of Puopaud {chaos, Dex+7}
rCold    . . .     Gourm    .   (no shield)
rNeg     . . .     Faith    .   (no armour)
rPois    .         Spirit   +   (no helmet)
rElec    .         Reflect  .   s - +0 cloak
rCorr    .         Harm     .   (no gloves)
MR       .....                  (no boots)
Stlth    ++........             (no amulet)
HPRegen  0.26/turn              v - ring of see invisible
MPRegen  0.13/turn              F - +3 ring of intelligence

@: no status effects
A: claws 1, iridescent scales 2, powered by pain 2, evolution 1, magic shield
a: Curse Item, Scrying, Renounce Religion


You were on level 1 of the Lair of Beasts.
You worshipped Ashenzari.
Ashenzari was most pleased with you.
You were not hungry.

You visited 2 branches of the dungeon, and saw 11 of its levels.

You collected 853 gold pieces.

Inventory:

Hand Weapons
 a - a +0 hand axe of chaos
 l - the +9 scimitar of Puopaud (weapon) {chaos, Dex+7}
   (Xom gifted it to you on level 2 of the Dungeon)

   Each time it hits an enemy it has a different, random effect.
   It affects your dexterity (+7).
Armour
 b - a +2 leather armour
 e - a +0 troll leather armour
 m - a cursed +0 scale mail
 s - a +0 cloak (worn)
 u - a +4 chain mail of positive energy
 w - a +0 leather armour of poison resistance
 x - a +0 plate armour
Jewellery
 v - a ring of see invisible (left claw)
 F - a +3 ring of intelligence (right claw)
 I - an uncursed ring of ice
 J - an uncursed ring of ice
Wands
 o - a wand of random effects (40)
 r - a wand of flame (10)
 H - a wand of iceblast (9)
Scrolls
 g - a scroll of fear
 i - 5 scrolls of remove curse
 k - 4 scrolls of magic mapping
 n - 6 scrolls of teleportation
 q - a scroll of blinking {unknown}
 t - 2 scrolls of summoning {unknown}
 y - a scroll of silence
 z - a scroll of fog
Potions
 d - 2 potions of brilliance
 f - a potion of lignification
 h - a potion of mutation
 j - 2 potions of curing
 A - a potion of invisibility
 B - a potion of ambrosia {unknown}
 C - a potion of might
Books
 D - a book of Cantrips

   Spells                             Type                      Level
   a - Confusing Touch                Hexes                        1
   b - Animate Skeleton               Necromancy                   1
   c - Summon Small Mammal            Summoning                    1
   d - Apportation                    Translocation                1
 E - a book of Maledictions

   Spells                             Type                      Level
   a - Corona                         Hexes                        1
   b - Ensorcelled Hibernation        Hexes/Ice                    2
   c - Confuse                        Hexes                        3
   d - Tukima's Dance                 Hexes                        3
   e - Dazzling Spray                 Conjuration/Hexes            3
 K - a book of Flames

   Spells                             Type                      Level
   a - Flame Tongue                   Conjuration/Fire             1
   b - Throw Flame                    Conjuration/Fire             2
   c - Conjure Flame                  Conjuration/Fire             3
   d - Inner Flame                    Hexes/Fire                   3
   e - Sticky Flame                   Conjuration/Fire             4
   f - Fireball                       Conjuration/Fire             5
Comestibles
 c - 16 rations
 p - 2 chunks of flesh


   Skills:
 + Level 12.3 Fighting
 + Level 10.3 Long Blades
 - Level 2.6 Axes
 * Level 4.3 Armour
 - Level 0.8 Dodging
 + Level 2.8 Evocations


You had 10 spell levels left.
You didn't know any spells.

Dungeon Overview and Level Annotations

Branches:
Dungeon (10/15)            Temple (0/1) D:4            Lair (1/6) D:9
    Orc (0/2) D:10

Altars:
Ashenzari
Dithmenos
Elyvilon
Fedhas
Qazlal
Ru
Zin
The Shining One

Shops:
D:7 (   D:8 }


Innate Abilities, Weirdness & Mutations

You have sharp fingernails.
You are mostly covered in iridescent scales. (AC +4)
You sometimes gain power by taking damage.
When hurt, damage is shared between your health and your magic reserves.
You evolve.


Message History

The black mamba barely misses you.
Wear which item? (? for menu, Esc to quit)
The crocodile bites you.
Keep equipping yourself?
* * * LOW HITPOINT WARNING * * *
The black mamba bites you!
* * * LOW HITPOINT WARNING * * *
You start putting on your armour.
You continue putting on your +0 leather armour of poison resistance.
The crocodile misses you. The black mamba closely misses you.
You continue putting on your +0 leather armour of poison resistance.
The black mamba is no longer moving slowly.
The black mamba barely misses you. The crocodile bites you!!
* * * LOW HITPOINT WARNING * * *
You continue putting on your +0 leather armour of poison resistance.
The black mamba closely misses you. The bullfrog misses you.
The crocodile barely misses you.
You riposte.
You barely miss the crocodile. The black mamba bites you!
You die...
Xom howls with laughter!

, , , ,, , ##............. ,
, , , #.....[........ ,
..............., ,, ,
.P.............
*#.............. ,, ,
,.......h....... , , * * * #
*#..FtS...... , , * ..
#...@....... , ,
...##.......... , , , , ..
#.............. , #.# ,
##..#.......... ,, ... ,
#.##.......... , , *#.###*
#.##...........
#...P##...#...........
..##.......##...........
,.......ยงยง.####...........
....


You could see a black mamba, a crocodile, a bullfrog (confused) and a hound.

Vanquished Creatures
  Fannar (D:9)
  2 two-headed ogres
  2 spiny frogs (Lair:1)
  A gargoyle (D:10)
  2 trolls
  Grinder (D:4)
  Eustachio (D:4)
  2 hungry ghosts
  Edmund (D:5)
  Menkaure (D:5)
  Duvessa (D:4)
  A water moccasin (D:8)
  4 sky beasts
  An ice beast (D:10)
  4 orc warriors
  9 wolves
  5 ogres
  A centaur (D:9)
  A big kobold (D:10)
  3 bullfrogs
  Dowan (D:4)
  A scorpion (D:9)
  11 killer bees
  6 wights
  2 electric eels (D:9)
  2 crimson imps
  5 jellies
  2 centaur skeletons
  7 orc priests
  7 hounds
  Crazy Yiuf (D:4)
  A bullfrog skeleton (D:6)
  An iguana (D:6)
  Ijyb (D:4)
  3 orc wizards
  6 worker ants
  A hound zombie (D:9)
  A howler monkey zombie (D:6)
  A howler monkey skeleton (D:10)
  8 adders
  3 shadow imps
  2 oozes
  2 adder skeletons
  4 worms
  A dart slug (D:2)
  4 leopard geckos
  59 orcs
  9 giant cockroaches
  4 goblins
  12 hobgoblins
  14 jackals
  4 quokkas
  2 ball pythons
  8 bats
  6 frilled lizards
  A giant cockroach zombie (D:6)
  11 kobolds
  A quokka skeleton (D:2)
  9 rats
268 creatures vanquished.

Vanquished Creatures (collateral kills)
  A killer bee (D:8)
1 creature vanquished.

Vanquished Creatures (others)
  A hound (Lair:1)
1 creature vanquished.

Grand Total: 270 creatures vanquished

Notes
Turn   | Place    | Note
-------+----------+-------------------------------------------
     0 | D:1      | grindst0ne the Demonspawn Chaos Knight began the quest for the Orb.
     0 | D:1      | Reached XP level 1. HP: 18/18 MP: 1/1
     0 | D:1      | Noticed a jelly
     1 | D:1      | Found a runed door.
   115 | D:1      | Found a shattered altar of Ashenzari.
   139 | D:1      | Fell from the grace of Xom
   139 | D:1      | Became a worshipper of Ashenzari the Shackled
   159 | D:1      | Gained mutation: You are partially covered in iridescent scales. (AC +2) [demonic ancestry]
   159 | D:1      | Reached XP level 2. HP: 13/24 MP: 2/2
   205 | D:1      | XOM: noise
   321 | D:1      | XOM: give mutation
   321 | D:1      | Gained mutation: Your body sometimes deteriorates upon taking damage. [Xom's mischief]
   369 | D:1      | Reached skill level 4 in Fighting
   540 | D:1      | XOM: summons 2 hostile shadow creatures
   642 | D:1      | Gained mutation: When hurt, damage is shared between your health and your magic reserves. [demonic ancestry]
   642 | D:1      | Reached XP level 3. HP: 30/30 MP: 3/3
   897 | D:2      | XOM: god gift: warped scimitar {god gift}
   898 | D:2      | Got the scimitar of Puopaud {god gift, chaos, Dex+7}
   899 | D:2      | Identified the +9 scimitar of Puopaud {chaos, Dex+7} (Xom gifted it to you on level 2 of the Dungeon)
   966 | D:2      | XOM: medium Conj miscast
   993 | D:2      | XOM: torment (11/31 hp)
  1330 | D:2      | Reached * piety under Ashenzari
  1486 | D:2      | Gained mutation: You sometimes gain a little power by taking damage. [demonic ancestry]
  1486 | D:2      | Reached XP level 4. HP: 35/38 MP: 4/4
  1574 | D:3      | Reached skill level 5 in Fighting
  1877 | D:3      | Found a shadowy altar of Dithmenos.
  1970 | D:3      | Found a white marble altar of Elyvilon.
  2076 | D:3      | Gained mutation: You are mostly covered in iridescent scales. (AC +4) [demonic ancestry]
  2076 | D:3      | Reached XP level 5. HP: 44/46 MP: 5/5
  2168 | D:3      | XOM: give mutations
  2168 | D:3      | Gained mutation: Your mind is acute. (Int +2) [Xom's mischief]
  2168 | D:3      | Lost mutation: Your mind is acute. (Int +2) [Xom's mischief]
  2168 | D:3      | Gained mutation: Your mind is acute. (Int +2) [Xom's mischief]
  2168 | D:3      | Gained mutation: Your mind is very acute. (Int +4) [Xom's mischief]
  2259 | D:1      | XOM: torment (26/46 hp)
  2276 | D:1      | XOM: severe Conj miscast
  2346 | D:1      | XOM: give mutations
  2346 | D:1      | Gained mutation: You occasionally shout uncontrollably at your foes. [Xom's mischief]
  2346 | D:1      | Lost mutation: Your mind is very acute. (Int +4) [Xom's mischief]
  2346 | D:1      | Gained mutation: You are frail. (-10% HP) [Xom's mischief]
  2623 | D:1      | Reached skill level 1 in Long Blades
  2662 | D:1      | Reached skill level 6 in Fighting
  2792 | D:4      | Found a staircase to the Ecumenical Temple.
  2792 | D:4      | Noticed Grinder
  2800 | D:4      | Killed Grinder
  2800 | D:4      | Gained mutation: You sometimes gain power by taking damage. [demonic ancestry]
  2800 | D:4      | Reached XP level 6. HP: 15/47 MP: 2/6
  3035 | D:4      | XOM: mild Ice miscast
  3085 | D:4      | XOM: draining
  3299 | D:4      | Found a stormy altar of Qazlal.
  3324 | D:4      | Noticed Eustachio
  3331 | D:4      | Killed Eustachio
  3331 | D:4      | Reached skill level 7 in Fighting
  3331 | D:4      | Reached XP level 7. HP: 49/54 MP: 5/7
  3512 | D:4      | Found a runed door.
  3516 | D:4      | Noticed Crazy Yiuf
  3521 | D:4      | Killed Crazy Yiuf
  3608 | D:4      | Noticed Ijyb
  3608 | D:4      | Noticed Duvessa
  3608 | D:4      | Noticed Dowan
  3622 | D:4      | Killed Duvessa
  3628 | D:4      | Killed Ijyb
  3636 | D:4      | Killed Dowan
  3938 | D:5      | Entered Level 5 of the Dungeon
  3974 | D:5      | XOM: medium Ice miscast
  3995 | D:5      | XOM: summons 3 hostile shadow creatures
  4041 | D:5      | Noticed Edmund
  4056 | D:5      | Killed Edmund
  4103 | D:5      | Reached skill level 8 in Fighting
  4103 | D:5      | Reached skill level 5 in Long Blades
  4103 | D:5      | Reached XP level 8. HP: 54/61 MP: 8/8
  4275 | D:5      | Noticed Menkaure
  4281 | D:5      | Killed Menkaure
  4598 | D:6      | Reached skill level 9 in Fighting
  4758 | D:6      | XOM: divination: magic mapping
  4913 | D:6      | Reached ** piety under Ashenzari
  5153 | D:6      | XOM: give mutation
  5153 | D:6      | Gained mutation: You are weak. (Str -2) [Xom's mischief]
  5179 | D:7      | XOM: god gift: 23 arrows
  5184 | D:7      | Found Deceont's Weapon Boutique.
  5413 | D:7      | XOM: give mutations
  5413 | D:7      | Gained mutation: Your body often deteriorates upon taking damage. [Xom's mischief]
  5413 | D:7      | Lost mutation: You are frail. (-10% HP) [Xom's mischief]
  5413 | D:7      | Gained mutation: You are very weak. (Str -4) [Xom's mischief]
  5413 | D:7      | Lost mutation: Your mind is acute. (Int +2) [Xom's mischief]
  5424 | D:7      | Reached XP level 9. HP: 70/77 MP: 9/9
  5731 | D:8      | Noticed a two-headed ogre
  5739 | D:8      | Killed a two-headed ogre
  5739 | D:8      | Reached skill level 10 in Fighting
  6032 | D:8      | XOM: confusion (+ monsters)
  6053 | D:8      | Found Jexzol's Gadget Boutique.
  6068 | D:8      | XOM: give mutations
  6068 | D:8      | Lost mutation: You are very weak. (Str -4) [Xom's mischief]
  6068 | D:8      | Lost mutation: Your body often deteriorates upon taking damage. [Xom's mischief]
  6296 | D:8      | XOM: mild Ice miscast
  6464 | D:8      | XOM: mild Erth miscast
  6489 | D:8      | Found a sacrificial altar of Ru.
  6562 | D:8      | XOM: god gift: cyan potion {god gift}
  6693 | D:9      | Noticed a troll
  6698 | D:9      | Noticed a troll
  6726 | D:8      | Reached skill level 11 in Fighting
  6737 | D:8      | Killed a troll
  6737 | D:8      | Reached XP level 10. HP: 25/87 MP: 3/10
  7063 | D:9      | Was forgiven by Xom
  7363 | D:9      | Found a staircase to the Lair.
  7430 | D:9      | Found a sacrificial altar of Ru.
  7442 | D:9      | Lost mutation: You occasionally shout uncontrollably at your foes. [potion of mutation]
  7442 | D:9      | Lost mutation: Your body sometimes deteriorates upon taking damage. [potion of mutation]
  7442 | D:9      | Lost mutation: You are weak. (Str -2) [potion of mutation]
  7442 | D:9      | Gained mutation: You are occasionally teleported next to monsters. [potion of mutation]
  7442 | D:9      | Gained mutation: Your mind is acute. (Int +2) [potion of mutation]
  7442 | D:9      | Gained mutation: You are somewhat resistant to further mutation. [potion of mutation]
  7443 | D:9      | Lost mutation: Your mind is acute. (Int +2) [potion of mutation]
  7443 | D:9      | Lost mutation: You are somewhat resistant to further mutation. [potion of mutation]
  7443 | D:9      | Lost mutation: You are occasionally teleported next to monsters. [potion of mutation]
  7443 | D:9      | Gained mutation: Your magical capacity is low. (-10% MP) [potion of mutation]
  7443 | D:9      | Gained mutation: You evolve. [potion of mutation]
  7540 | D:9      | Found a blossoming altar of Fedhas.
  7542 | D:9      | Found a glowing silver altar of Zin.
  7542 | D:9      | Found a glowing golden altar of the Shining One.
  7726 | D:9      | Noticed a two-headed ogre
  7734 | D:9      | Killed a two-headed ogre
  7734 | D:9      | Reached skill level 12 in Fighting
  7894 | D:9      | Lost mutation: Your magical capacity is low. (-10% MP) [evolution]
  7900 | D:10     | Entered Level 10 of the Dungeon
  8044 | D:10     | Noticed a gargoyle
  8053 | D:10     | Killed a gargoyle
  8053 | D:10     | Reached skill level 10 in Long Blades
  8053 | D:10     | Reached skill level 1 in Evocations
  8101 | D:10     | Found a staircase to the Orcish Mines.
  8114 | D:10     | Noticed Fannar
  8134 | D:9      | Killed Fannar
  8281 | D:10     | Gained mutation: You have sharp fingernails. [demonic ancestry]
  8281 | D:10     | Reached XP level 11. HP: 25/95 MP: 7/12
  8288 | D:10     | Noticed a two-headed ogre
  8769 | D:10     | Noticed a fire crab
  8769 | D:10     | a yak changed into a fire crab
  9054 | Lair:1   | Entered Level 1 of the Lair of Beasts
  9344 | Lair:1   | Reached *** piety under Ashenzari
  9468 | Lair:1   | Slain by a black mamba

Skill      XL: |  1  2  3  4  5  6  7  8  9 10 11 |
---------------+----------------------------------+-----
Fighting       | 4 5 6 7 8 9 11 12 | 12.3
Long Blades    | 3 5 6 8 10 | 10.3
Armour         | 3 4 |  4.3
Evocations     | 2 |  2.8
Axes           | |  2.6
Dodging        | |  0.8

Action                   |  1- 3 |  4- 6 |  7- 9 | 10-12 || total
-------------------------+-------+-------+-------+-------++-------
Melee: Hand axe          |   104 |       |       |       ||   104
       Scimitar          |    19 |    83 |   205 |   202 ||   509
Evoke: Wand              |       |     3 |     8 |    24 ||    35
  Use: Scroll            |     1 |       |    12 |     4 ||    17
       Potion            |       |       |       |     8 ||     8
 Stab: Sleeping          |     1 |     3 |     5 |       ||     9
       Paralysed         |     1 |       |     1 |     2 ||     4
       Petrified         |       |     2 |       |       ||     2
       Confused          |       |       |     1 |       ||     1
  Eat: Chunk             |     2 |     6 |     8 |     9 ||    25
       Ration            |       |       |     1 |     1 ||     2
Armor: Leather armour    |    51 |    40 |    93 |    33 ||   217
       Skin              |       |       |     2 |       ||     2
       Troll leather arm |       |       |       |    53 ||    53
Dodge: Dodged            |    59 |    38 |    93 |   156 ||   346
       Rpst.: Scimitar   |     3 |    15 |    26 |    39 ||    83
